 Dungeon Crawl Stone Soup version 0.27.0-1-g7a089689b8 (webtiles) character file.

Game seed: 16137940456782684596

263 horus123 the Conjurer (level 5, 0/28 HPs)
             Began as a Deep Elf Conjurer on Aug 11, 2021.
             Was an Initiate of Wu Jian.
             Slain by lukano's ghost (3 damage)
             ... on level 3 of the Dungeon.
             The game lasted 00:06:02 (2971 turns).

horus123 the Conjurer (Deep Elf Conjurer)           Turns: 2971, Time: 00:06:02

Health: 0/28       AC:  2    Str:  4    XL:     5   Next: 98%
Magic:  0/13       EV: 12    Int: 24    God:    Wu Jian [......]
Gold:   164        SH:  0    Dex: 13    Spells: 2/12 levels left

rFire    + . .     SeeInvis .   e - staff of conjuration
rCold    x . .     Faith    .   (no shield)
rNeg     . . .     Spirit   .   a - +0 robe
rPois    .         Reflect  .   (no helmet)
rElec    .         Harm     .   (no cloak)
rCorr    .         Rampage  .   (no gloves)
Will     .....                  (no boots)
Stlth    ++........             (no amulet)
HPRegen  0.09/turn              b - ring of fire
MPRegen  0.13/turn              (no ring)

@: no status effects
A: no striking features
a: Renounce Religion


You were on level 3 of the Dungeon.
You worshipped Wu Jian.
Wu Jian was noncommittal.
You visited 1 branch of the dungeon, and saw 3 of its levels.

You collected 164 gold pieces.

Inventory:

Hand Weapons
 c - a +2 vampiric dagger
Armour
 a - a +0 robe (worn)
Magical Staves
 e - a staff of conjuration (weapon)
Jewellery
 b - a ring of fire (left hand)
Wands
 g - a wand of charming (7)
Scrolls
 d - a scroll of brand weapon {unknown}
 f - a scroll of enchant weapon {unknown}
 h - 2 scrolls of vulnerability {unknown}
 i - a scroll of fog {unknown}


   Skills:
 + Level 2.6 Dodging
 + Level 3.5 Stealth
 + Level 4.0 Spellcasting
 * Level 7.0 Conjurations
 * Level 1.8 Hexes


You had 2 spell levels left.
You knew the following spells:

 Your Spells              Type           Power      Damage    Failure   Level
a - Magic Dart            Conj           100%       1d8       1%          1
b - Searing Ray           Conj           100%       3d7       1%          2
c - Dazzling Flash        Conj/Hex       78%        N/A       4%          3
d - Fulminant Prism       Conj/Hex       19%        3d11      16%         4

Your spell library contained the following spells:

 Spells                   Type           Power      Damage    Failure   Level
 Iskenderun's Mystic Bla  Conj/Tloc      32%        2d8       22%         4


Dungeon Overview and Level Annotations

Branches:
Dungeon (3/15)

Altars:
Makhleb
Wu Jian

Annotations:
D:3 1 transporter, lukano's ghost, amateur MiFi


Message History

Lukano's ghost is lightly damaged.
You finish channeling your searing ray.
Lukano's ghost hits you!
Casting: Searing Ray (safe; 1% risk of failure)
Confirm with . or Enter, or press ? or * to list all spells.
Aiming: Searing Ray (safe; 1% risk of failure)
Press: ? - help, Shift-Dir - straight line, f - lukano's ghost
Aim: lukano's ghost (lightly damaged, 90% to hit)
You feel a surge of power!
The searing ray hits lukano's ghost!
Lukano's ghost is moderately damaged. (Press . to maintain the ray.) Lukano's ghost closely misses you.
The searing ray hits lukano's ghost!
Lukano's ghost is severely damaged.
Lukano's ghost hits you!
The searing ray hits lukano's ghost but does no damage.
Lukano's ghost is severely damaged.
Lukano's ghost hits you.
* * * LOW HITPOINT WARNING * * *
The searing ray hits lukano's ghost but does no damage.
Lukano's ghost is severely damaged.
You finish channeling your searing ray.
Lukano's ghost hits you but does no damage.
Casting: Searing Ray (safe; 1% risk of failure)
Confirm with . or Enter, or press ? or * to list all spells.
Aiming: Searing Ray (safe; 1% risk of failure)
Press: ? - help, Shift-Dir - straight line, f/p - lukano's ghost
Aim: lukano's ghost (severely damaged, 90% to hit)
You feel a surge of power!
The searing ray hits lukano's ghost!
Lukano's ghost is almost destroyed. (Press . to maintain the ray.) Lukano's ghost hits you but does no damage.
The searing ray hits lukano's ghost.
Lukano's ghost is almost destroyed.
Lukano's ghost hits you.
* * * LOW HITPOINT WARNING * * *
Without enough magic to sustain it, your searing ray dissipates.
Lukano's ghost hits you.
* * * LOW HITPOINT WARNING * * *
Lukano's ghost hits you.
You die...

.....≈.......###.##..# ####
≈≈.≈≈≈......)'...##..#
..........#########..##
###.....#.#©.....##...##+##
####.##.#.#..#.##.#.#....
#.##.#..##..##.#......
#..#.#..##..##'##.....
##..©#.#..#.#.......##
#...#!..)W@#....#..#
##.©#$#..#.#....#..#
##.#..##..#....#
#.#..##..#....#
#.#.#..#.##......
#.#......######..#
#.######## #>.. #### ###


You could see lukano's ghost.

Vanquished Creatures
  An ogre (D:3)
  Ijyb (D:3)
  Jessica (D:2)
  Terence (D:3)
  2 adders (D:2)
  3 gnolls (D:2)
  A worm (D:2)
  9 ball pythons
  4 endoplasms (D:1)
  9 goblins
  5 hobgoblins
  2 jackals (D:1)
  2 quokkas
  2 bats (D:1)
  3 frilled lizards
  5 kobolds
  7 rats
58 creatures vanquished.

Vanquished Creatures (others)
  2 plants (D:1)
2 creatures vanquished.

Grand Total: 60 creatures vanquished

Notes
Turn   | Place    | Note
-------+----------+-------------------------------------------
     0 | D:1      | horus123 the Deep Elf Conjurer began the quest for the Orb.
     0 | D:1      | Reached XP level 1. HP: 10/10 MP: 6/6
    34 | D:1      | Found a faded altar of an unknown god.
   267 | D:1      | Reached XP level 2. HP: 15/15 MP: 6/8
   304 | D:1      | Learned a level 2 spell: Searing Ray
   458 | D:1      | Reached skill level 5 in Conjurations
  1209 | D:2      | Reached XP level 3. HP: 19/19 MP: 7/9
  1213 | D:2      | Learned a level 3 spell: Dazzling Flash
  1525 | D:2      | Found an ornate altar of the Wu Jian Council.
  1552 | D:2      | Noticed Jessica
  1558 | D:2      | Killed Jessica
  1559 | D:2      | Reached skill level 6 in Conjurations
  1559 | D:2      | Reached XP level 4. HP: 24/24 MP: 1/11
  1646 | D:2      | Learned a level 4 spell: Fulminant Prism
  2180 | D:2      | Became a worshipper of the Wu Jian Council
  2262 | D:3      | Noticed Terence
  2265 | D:3      | Killed Terence
  2266 | D:3      | Reached XP level 5. HP: 28/28 MP: 7/12
  2352 | D:3      | Noticed Ijyb
  2360 | D:3      | Killed Ijyb
  2361 | D:3      | Reached skill level 1 in Hexes
  2811 | D:3      | Found a burning altar of Makhleb.
  2823 | D:3      | Found a transporter.
  2831 | D:3      | Found a transporter.
  2831 | D:3      | Identified the +6 dire flail "Cifau" {vorpal, Will- Str+5
                  | Int+6}
  2831 | D:3      | Noticed an ogre
  2832 | D:3      | Noticed lukano's ghost (amateur MiFi)
  2962 | D:3      | Killed an ogre
  2963 | D:3      | Reached skill level 7 in Conjurations
  2971 | D:3      | Slain by lukano's ghost

Illustrated notes

Levels and vault maps discovered:
D:1:      minmay_arrival_four_houses, layout_basic,
          dreamdust_ecumenical_altar_grove, corexii_item_surrounded_by_moat
D:2:      layout_basic, basic_altar, uniq_jessica
D:3:      layout_basic, mainiacjoe_overflow_brackets, gammafunk_ghost_smash,
          uniq_ijyb, uniq_terence

Skill      XL: |  1  2  3  4  5 |
---------------+----------------+-----
Conjurations   | 5 6 7 |  7.0
Stealth        | 3 |  3.5
Hexes          | 1 |  1.8
Spellcasting   | 4 |  4.0
Dodging        | |  2.6

Action                   |  1- 3 |  4- 6 || total
-------------------------+-------+-------++-------
Melee: Dagger            |     1 |       ||     1
 Cast: Magic Dart        |    64 |    28 ||    92
       Searing Ray       |     2 |     6 ||     8
Armor: Robe              |       |     2 ||     2
Dodge: Dodged            |     1 |     3 ||     4
